Workbook
Name _Hlk113442285: Instrucciones!#REF!
Name _Hlk113442285: 'Modelo de oferta económica'!#REF!
Name _Hlk119490985: Instrucciones!#REF!
Name _Hlk119490985: 'Modelo de oferta económica'!#REF!
Name _Hlk119568242: Instrucciones!#REF!
Name _Hlk119568242: 'Modelo de oferta económica'!#REF!
Name _Hlk119914996: Instrucciones!#REF!
Name _Hlk119914996: 'Modelo de oferta económica'!#REF!
Name _Toc125653035: Instrucciones!#REF!
Name _Toc125653035: 'Modelo de oferta económica'!#REF!
Name _Toc125653036: Instrucciones!#REF!
Name _Toc125653036: 'Modelo de oferta económica'!#REF!
Name _Toc125653037: Instrucciones!#REF!
Name _Toc125653037: 'Modelo de oferta económica'!#REF!
Name _Toc125653038: Instrucciones!#REF!
Name _Toc125653038: 'Modelo de oferta económica'!#REF!
Name _Toc125653039: Instrucciones!#REF!
Name _Toc125653039: 'Modelo de oferta económica'!#REF!
Name _Toc125653040: Instrucciones!#REF!
Name _Toc125653040: 'Modelo de oferta económica'!#REF!
Name _Toc125653041: Instrucciones!#REF!
Name _Toc125653041: 'Modelo de oferta económica'!#REF!
Name _Toc125653042: Instrucciones!#REF!
Name _Toc125653042: 'Modelo de oferta económica'!#REF!
Name _Toc125653043: Instrucciones!#REF!
Name _Toc125653043: 'Modelo de oferta económica'!#REF!
Name _Toc125653044: Instrucciones!#REF!
Name _Toc125653044: 'Modelo de oferta económica'!#REF!
Name _Toc125653045: Instrucciones!#REF!
Name _Toc125653045: 'Modelo de oferta económica'!#REF!
Name _Toc125653046: Instrucciones!#REF!
Name _Toc125653046: 'Modelo de oferta económica'!#REF!
Name _Toc125653047: Instrucciones!#REF!
Name _Toc125653047: 'Modelo de oferta económica'!#REF!
Name _Toc125653048: Instrucciones!#REF!
Name _Toc125653048: 'Modelo de oferta económica'!#REF!
Name _Toc125653049: Instrucciones!#REF!
Name _Toc125653049: 'Modelo de oferta económica'!#REF!
Name _Toc125653050: Instrucciones!#REF!
Name _Toc125653050: 'Modelo de oferta económica'!#REF!
Name _Toc125653051: Instrucciones!#REF!
Name _Toc125653051: 'Modelo de oferta económica'!$B$17

Sheet Instrucciones
B6: Instrucciones para cumplimentar el archivo Excel de presentación de oferta económica
B8: -El archivo se compone de esta pestaña de instrucciones, y de la pestaña "Modelo de oferta económica" que contiene el resumen del importe total ofertado, el resumen por capítulo y el detalle de cada capítulo con los precios unitarios y las partidas alzadas.
B9: -El licitador solo rellenará las celdas en naranja de la pestaña "Modelo de oferta Económica", que se corresponden con el importe ofertado de cada precio unitario y partida alzada de cada una de las partidas. El archivo calcula automaticamente el importe total.
B10: -La hoja deberá incluir en cada celda naranja un único importe y el archivo automaticamente redondeará a dos decimales.
B11: -El importe de cada precio unitario y partida alzada debe incluir la parte correspondiente de gastos generales y el beneficio industrial. Los importes NO deben incluir el IVA.
B12: -Se deberán cumplimentar todos los precios unitarios y las partidas alzadas de todos los capítulos. NO SON ADMISIBLES las ofertas que NO estén completas.
B13: -En cada capítulo el archivo trae de origen las mediciones de cada partida y calculará de forma automática los importes totales por partida, al introducir el licitador los importes de cada precio unitario y partida alzada.
B14: -El archivo calcula de forma automática el precio ofertado por el licitador, en base los importes introducidos, sumando a su vez las partidas de cada capítulo.
B15: -A modo de alerta, en la columna "E" de la pestaña "Modelo de oferta económica" aparecerá una leyenda en color rojo en las filas en las que exista algún error de cumplimentación, en los casos siguinetes:
B16: •Dentro de cada capítulo, cuando el archivo detecta la ausencia de algún importe de precio unitario o partida alzada, en la columna "E" se visualizará la leyenda "Es necesario completar el precio de esta partida, introduciendo un importe en la celda en naranja"
B17: •En el resumen general, cuando el archivo detecta la ausencia de algún importe de precio unitario o partida alzada, se podrá visualizar en la columna "E" la leyenda "En este capítulo hay alguna partida con precio unitario o partida alzada sin rellenar"
B18: •En la última línea del resumen general, cuando el archivo detecta que la oferta final supera el valor del presupuesto máximo de licitación se visualizará la leyenda "El precio ofertado supera el Presupuesto Máximo de Licitación, oferta NO ADMISIBLE"
B20: Una vez completado el archivo el licitador deberá convertir a formato PDF todas las hojas de la pestaña "Modelo de oferta económica", firmar electrónicamente el documento e incorporarlo al Archivo electrónico C de su proposición, junto con el archivo en formato Excel y el resto de documentos incluidos en el anexo al PCA. En caso de no coincidencia entre lo indicado en el archivo Excel y el archivo PDF, primará el documento PDF firmado electronicamente.

Sheet Modelo de oferta económica
B2: ANEXO 5
B4: MODELO DE OFERTA ECONÓMICA
B6: D/Dª ................................. con domicilio en.………………..........................…., enterado de la convocatoria de procedimiento de licitación para la contratación de las obras del Proyecto de restauración de la zona este de la C.N. José Cabrera, expediente nº CO-TA-24-011 y de las condiciones que regirán en el mismo y conforme con su contenido, se compromete en nombre …….. (propio o de la empresa)………, con N.I.F…….., según poder……. (se hará constar apoderamiento) a la ejecución del contrato con sujeción a las condiciones y requisitos exigidos y con las condiciones técnicas indicadas en la oferta presentada, por el importe siguiente:
B15: PROYECTO DE RESTAURACIÓN DE LA ZONA ESTE DE LA C.N. JOSÉ CABRERA | F15: Precio Máximo de Licitación IVA EXCLUIDO
B17: TOTAL PROYECTO | E17: Importe (€)
B18: TOTAL CAPÍTULO 1 - ACTIVIDADES PREVIAS Y AUXILIARES | E18: =IF(I18="En este capítulo hay alguna partida con precio unitario o partida alzada sin rellenar","Sin importe por errores",+'Modelo de oferta económica'!H52) -> 0
B19: TOTAL CAPÍTULO 2 - MOVIMIENTO DE TIERRAS | E19: =IF(I19="En este capítulo hay alguna partida con precio unitario o partida alzada sin rellenar","Sin importe por errores",+'Modelo de oferta económica'!H74) -> 0
B20: TOTAL CAPÍTULO 3 - DEMOLICIONES | E20: =IF(I20="En este capítulo hay alguna partida con precio unitario o partida alzada sin rellenar","Sin importe por errores",+'Modelo de oferta económica'!H92) -> 0
B21: TOTAL CAPÍTULO 4 - GESTIÓN DE RESIDUOS DE CONSTRUCCIÓN | E21: =IF(I21="En este capítulo hay alguna partida con precio unitario o partida alzada sin rellenar","Sin importe por errores",+'Modelo de oferta económica'!H115) -> 0
B22: TOTAL CAPÍTULO 5 - SUMINISTRO DE CONTENEDORES MATERIAL DESCLASIF. | E22: =IF(I22="En este capítulo hay alguna partida con precio unitario o partida alzada sin rellenar","Sin importe por errores",+'Modelo de oferta económica'!H157) -> 0
B23: TOTAL CAPÍTULO 6 - SEGURIDAD Y SALUD | E23: =IF(I23="En este capítulo hay alguna partida con precio unitario o partida alzada sin rellenar","Sin importe por errores",+'Modelo de oferta económica'!H163) -> 0
B24: TOTAL PRECIO OFERTADO (IVA Excluido) | E24: =SUM(E18:E23) -> 0 | F24: 1168663.9
B26: ¿Tiene previsto subcontratar? | F26: SÍ* | G26: NO
B28: *En caso afirmativo, indicar el importe y alcance de la/s partida/s subcontratada/s, así como la denominación social o perfil empresarial de la/s empresa/s subcontratista/s:
B29: Actuación/Actividad a subcontratar | E29: Importe a subcontratar | F29: Empresa subcontratista
B52: CAPÍTULO 1 | D52: ACTIVIDADES PREVIAS Y AUXILIARES | H52: =SUM(H55,H59,H63,H67,H71) -> 0 | I52: =COUNTIF(I55:I73,"Es necesario completar el precio de esta partida, introduciendo un valor en la celda en naranja") -> 5
B54: Partida | F54: Precio Unitario | G54: Medición | H54: Importe | J54: =ROUND('Modelo de oferta económica'!F55,2) -> 0
B55: 001 | C55: PA | D55: Mediciones, análisis y documentacion | G55: 1 | H55: =ROUND('Modelo de oferta económica'!J54*G55,2) -> 0 | I55: =IF(ISBLANK('Modelo de oferta económica'!F55),"Es necesario completar el precio de esta partida, introduciendo un valor en la celda en naranja","") -> Es necesario completar el precio de esta partida, introduciendo un valor en la celda en naranja
B56: Partida alzada de abono íntegro. Incluye la generación de toda la documentación y registros derivados de la ejecución de los trabajos, incluyendo la gestión documental de los residuos generados, la documentación as built, la documentación de calidad y toda documentación adicional que recoja el estado final de la obra.
B58: Partida | F58: Precio Unitario | G58: Medición | H58: Importe | J58: =ROUND('Modelo de oferta económica'!F59,2) -> 0
B59: 002 | C59: PA | D59: Actividades previas | G59: 1 | H59: =ROUND('Modelo de oferta económica'!J58*G59,2) -> 0 | I59: =IF(ISBLANK('Modelo de oferta económica'!F59),"Es necesario completar el precio de esta partida, introduciendo un valor en la celda en naranja","") -> Es necesario completar el precio de esta partida, introduciendo un valor en la celda en naranja
B60: Partida alzada de abono íntegro. Incluye las tareas preparación de accesos, áreas de trabajo y zonas de acopio, la protección o el retranqueo de los servicios y líneas que se vean afectados por los trabajos, la protección de los piezómetros, la retirada del vallado de seguridad física en las zonas afectadas por las excavaciones y la reposición de los servicios afectados por los trabajos una vez finalizados estos, de acuerdo con lo indicado en las fichas de excavación del Anexo A.3 y el apartado de interferencias Anexo A.1.4 del proyecto de obra
B62: Partida | F62: Precio Unitario | G62: Medición | H62: Importe | J62: =ROUND('Modelo de oferta económica'!F63,2) -> 0
B63: 003 | C63: m2 | D63: Geotextil de protección para los acopios | G63: 250 | H63: =ROUND('Modelo de oferta económica'!J62*G63,2) -> 0 | I63: =IF(ISBLANK('Modelo de oferta económica'!F63),"Es necesario completar el precio de esta partida, introduciendo un valor en la celda en naranja","") -> Es necesario completar el precio de esta partida, introduciendo un valor en la celda en naranja
B64: Geotextil no tejido compuesto por fibras de polipropileno unidas por agujeteado, con una resistencia a la tracción longitudinal de 50,1 kN/m, una resistencia a la tracción transversal de 56,5 kN/m, una apertura de cono al ensayo de perforación dinámica según UNE-EN ISO 13433 inferior a 4,5 mm, resistencia CBR a punzonamiento 10 kN y una masa superficial de 800 g/m². Colocación en obra: con solapes y con piquetas de anclaje de acero, en forma de L, de 6 mm de diámetro (2 ud/m²), directamente sobre el terreno.
B66: Partida | F66: Precio Unitario | G66: Medición | H66: Importe | J66: =ROUND('Modelo de oferta económica'!F67,2) -> 0
B67: 004 | C67: UD | D67: Levantamiento topográfico | G67: 2 | H67: =ROUND('Modelo de oferta económica'!J66*G67,2) -> 0 | I67: =IF(ISBLANK('Modelo de oferta económica'!F67),"Es necesario completar el precio de esta partida, introduciendo un valor en la celda en naranja","") -> Es necesario completar el precio de esta partida, introduciendo un valor en la celda en naranja
B68: Levantamiento topográfico de la zona abarcada por los trabajos incluidos en este Proyecto. Incluye la entrega del levantamiento efectuado en formato electrónico (dwg y pdf) a ENRESA.
B70: Partida | F70: Precio Unitario | G70: Medición | H70: Importe | J70: =ROUND('Modelo de oferta económica'!F71,2) -> 0
B71: 005 | C71: m2 | D71: Talado de árboles y corte de vegetacion arborea | G71: 11181 | H71: =ROUND('Modelo de oferta económica'!J70*G71,2) -> 0 | I71: =IF(ISBLANK('Modelo de oferta económica'!F71),"Es necesario completar el precio de esta partida, introduciendo un valor en la celda en naranja","") -> Es necesario completar el precio de esta partida, introduciendo un valor en la celda en naranja
B72: Talado de árbol y corte de vegetación arbórea de hasta 5 m de altura, de 15 a 30 cm de diámetro de tronco y copa poco frondosa, con motosierra, retirando los tocones que impidan la entrada y/o movilidad de la maquinaria de excavación hasta un acopio temporal del material vegetal talado. Incluye los tiempos de espera para la realización por parte de ENRESA de las medidas radiológicas para la caracterización de los residuos generados. El precio no incluye la carga, el transporte y la gestión de los residuos
B74: CAPÍTULO 2 | D74: MOVIMIENTO DE TIERRAS | H74: =+H77+H81+H85+H89 -> 0 | I74: =COUNTIF(I77:I90,"Es necesario completar el precio de esta partida, introduciendo un valor en la celda en naranja") -> 4
B76: Partida | F76: Precio Unitario | G76: Medición | H76: Importe | J76: =ROUND(F77,2) -> 0
B77: 006 | C77: m2 | D77: Desbroce, retirada de capa vegetal y limpieza del terreno | G77: 11181 | H77: =ROUND(J76*G77,2) -> 0 | I77: =IF(ISBLANK('Modelo de oferta económica'!F77),"Es necesario completar el precio de esta partida, introduciendo un valor en la celda en naranja","") -> Es necesario completar el precio de esta partida, introduciendo un valor en la celda en naranja
B78: Desbroce, retirada de capa vegetal y limpieza del terreno de topografía accidentada, con medios mecánicos. Incluye la retirada de maleza y pequeñas plantas no incluidas en la partida de talado y retirada de vegetación arbórea. Hasta una profundidad no menor que el espesor de la capa de tierra vegetal, considerando como mínima 20 cm. Incluye los tiempos de espera para la realización por parte de ENRESA de las medidas radiológicas para la caracterización de los residuos generados. El precio no incluye el talado de árboles, la carga, el transporte y la gestión de los residuos
B80: Partida | F80: Precio Unitario | G80: Medición | H80: Importe | J80: =ROUND(F81,2) -> 0
B81: 007 | C81: m3 | D81: Excavación de tierras | G81: 7302.07 | H81: =ROUND(J80*G81,2) -> 0 | I81: =IF(ISBLANK('Modelo de oferta económica'!F81),"Es necesario completar el precio de esta partida, introduciendo un valor en la celda en naranja","") -> Es necesario completar el precio de esta partida, introduciendo un valor en la celda en naranja
B82: Excavación a cielo abierto, en suelo de consistencia semidura, con medios mecánicos, y carga a camión y/o acopio temporal. Incluye los tiempos de espera para la realización por parte de ENRESA de las medidas radiológicas para la caracterización de los residuos generados. El precio no incluye el desbroce superficial, el talado de árboles, la carga, el transporte y la gestión de los residuos
B84: Partida | F84: Precio Unitario | G84: Medición | H84: Importe | J84: =ROUND(F85,2) -> 0
B85: 008 | C85: m2 | D85: Regularizacion y Compactación de fondo de excavación | G85: 18573.25 | H85: =ROUND(J84*G85,2) -> 0 | I85: =IF(ISBLANK('Modelo de oferta económica'!F85),"Es necesario completar el precio de esta partida, introduciendo un valor en la celda en naranja","") -> Es necesario completar el precio de esta partida, introduciendo un valor en la celda en naranja
B86: Regularización y compactación del fondo de la excavacion a cielo abierto, con medios mecánicos.
B88: Partida | F88: Precio Unitario | G88: Medición | H88: Importe | J88: =ROUND(F89,2) -> 0
B89: 009 | C89: m3 | D89: Transporte de material desclasificable o RBBA dentro de la obra | G89: 11919.97 | H89: =ROUND(J88*G89,2) -> 0 | I89: =IF(ISBLANK('Modelo de oferta económica'!F89),"Es necesario completar el precio de esta partida, introduciendo un valor en la celda en naranja","") -> Es necesario completar el precio de esta partida, introduciendo un valor en la celda en naranja
B90: Transporte de tierras y cualquier otro material clasificado como desclasificable o RBBa por parte de ENRESA a través de las distintas instalaciones de la planta para su adecuada gestión. Incluye dumper y/o camión o cualquier otro medio de transporte adecuado al material transportado. Incluye la carga y descarga del material en las diferentes etapas de procesado del material. Incluye las operaciones de carga para su entrega a Gestor Autorizado en el caso de que el material finalmente se desclasifique. Incluye las operaciones de transporte necesarias hasta los Almacenes que designe ENRESA en caso de clasificación final por parte de ENRESA como RBBA. El precio incluye el tiempo de espera en obra durante las operaciones de carga, el viaje de ida, la descarga y el viaje de vuelta. El precio incluye la p/p de mantenimiento y limpieza de viales para mantenerlos operativos. El precio no incluye los contenedores de transporte de los materiales desclasificables.
B92: CAPÍTULO 3 | D92: DEMOLICIONES | H92: =H95+H99+H103+H107+H111 -> 0 | I92: =COUNTIF(I93:I113,"Es necesario completar el precio de esta partida, introduciendo un valor en la celda en naranja") -> 5
B94: Partida | F94: Precio Unitario | G94: Medición | H94: Importe | J94: =ROUND(F95,2) -> 0
B95: 010 | C95: m3 | D95: Demolición de elementos de cimentacion enterrados | G95: 469.16 | H95: =ROUND(J94*G95,2) -> 0 | I95: =IF(ISBLANK('Modelo de oferta económica'!F95),"Es necesario completar el precio de esta partida, introduciendo un valor en la celda en naranja","") -> Es necesario completar el precio de esta partida, introduciendo un valor en la celda en naranja
B96: Demolición de losa de cimentación, zapatas, muros, riostras y vigas de atado de elementos de cimentación de hormigón armado, de hasta 1,5 m de profundidad máxima, con martillo neumático, y carga mecánica sobre camión El precio no incluye el transporte y la gestión de los residuos
B98: Partida | F98: Precio Unitario | G98: Medición | H98: Importe | J98: =ROUND(F99,2) -> 0
B99: 011 | C99: m2 | D99: Retirada de elementos de impermeabilización | G99: 1328.6 | H99: =ROUND(J98*G99,2) -> 0 | I99: =IF(ISBLANK('Modelo de oferta económica'!F99),"Es necesario completar el precio de esta partida, introduciendo un valor en la celda en naranja","") -> Es necesario completar el precio de esta partida, introduciendo un valor en la celda en naranja
B100: Retirada perfil impermeabilización compuesto por una lámina PEAD, capa geotextil y geocompuesto drenante. El precio no incluye la carga, el transporte y la gestión de los residuos
B102: Partida | F102: Precio Unitario | G102: Medición | H102: Importe | J102: =ROUND(F103,2) -> 0
B103: 012 | C103: UD | D103: Demolición de arqueta | G103: 4 | H103: =ROUND(J102*G103,2) -> 0 | I103: =IF(ISBLANK('Modelo de oferta económica'!F103),"Es necesario completar el precio de esta partida, introduciendo un valor en la celda en naranja","") -> Es necesario completar el precio de esta partida, introduciendo un valor en la celda en naranja
B104: Demolición de arqueta de obra de fábrica con medios manuales, sin deteriorar las conducciones que conecten con la arqueta, y carga manual sobre camión o contenedor. El precio incluye la obturación de las conducciones conectadas al elemento. El precio no incluye la carga, el transporte y la gestión de los residuos
B106: Partida | F106: Precio Unitario | G106: Medición | H106: Importe | J106: =ROUND(F107,2) -> 0
B107: 013 | C107: UD | D107: Retirada pozos de control | G107: 3 | H107: =ROUND(J106*G107,2) -> 0 | I107: =IF(ISBLANK('Modelo de oferta económica'!F107),"Es necesario completar el precio de esta partida, introduciendo un valor en la celda en naranja","") -> Es necesario completar el precio de esta partida, introduciendo un valor en la celda en naranja
B108: Retirada de pozo de control constituidos por un tubo de PEAD ranurado de 315 mm de diámetros y envueltos en una capa de 20 cm de grava sobre geomembrana PEAD. El precio no incluye la carga, el transporte y la gestión de los residuos
B110: Partida | F110: Precio Unitario | G110: Medición | H110: Importe | J110: =ROUND(F111,2) -> 0
B111: 014 | C111: m | D111: Retirada tubo colector de drenaje | G111: 50 | H111: =ROUND(J110*G111,2) -> 0 | I111: =IF(ISBLANK('Modelo de oferta económica'!F111),"Es necesario completar el precio de esta partida, introduciendo un valor en la celda en naranja","") -> Es necesario completar el precio de esta partida, introduciendo un valor en la celda en naranja
B112: Retirada de tubo colector conformado por una tubería PEAD D315 ranurada situado en la red de drenaje. El precio no incluye la carga, el transporte y la gestión de los residuos
B115: CAPÍTULO 4 | D115: GESTIÓN DE RESIDUOS DE CONSTRUCCIÓN | H115: =H118+H122+H126+H130+H134+H138+H142+H146+H150+H154 -> 0 | I115: =COUNTIF(I116:I162,"Es necesario completar el precio de esta partida, introduciendo un valor en la celda en naranja") -> 11
B117: Partida | F117: Precio Unitario | G117: Medición | H117: Importe | J117: =ROUND(F118,2) -> 0
B118: 015 | C118: m3 | D118: Transporte de tierras a vertedero con camión | G118: 11636.69 | H118: =ROUND(J117*G118,2) -> 0 | I118: =IF(ISBLANK('Modelo de oferta económica'!F118),"Es necesario completar el precio de esta partida, introduciendo un valor en la celda en naranja","") -> Es necesario completar el precio de esta partida, introduciendo un valor en la celda en naranja
B119: Transporte de tierras con camión de los productos procedentes de la excavación de cualquier tipo de terreno a vertedero específico, instalación de tratamiento de residuos de construcción y demolición externa a la obra o centro de valorización o eliminación de residuos, situado a una distancia no limitada. El precio incluye el tiempo de espera en obra durante las operaciones de carga, el viaje de ida, la descarga y el viaje de vuelta, pero no incluye la carga en obra.
B121: Partida | F121: Precio Unitario | G121: Medición | H121: Importe | J121: =ROUND(F122,2) -> 0
B122: 016 | C122: m3 | D122: Canon de vertido por entrega de tierras a gestor autorizado. | G122: 11636.69 | H122: =ROUND(J121*G122,2) -> 0 | I122: =IF(ISBLANK('Modelo de oferta económica'!F122),"Es necesario completar el precio de esta partida, introduciendo un valor en la celda en naranja","") -> Es necesario completar el precio de esta partida, introduciendo un valor en la celda en naranja
B123: Canon de vertido por entrega de tierras procedentes de la excavación, en vertedero específico, instalación de tratamiento de residuos de construcción y demolición externa a la obra o centro de valorización o eliminación de residuos. El precio no incluye el transporte
B125: Partida | F125: Precio Unitario | G125: Medición | H125: Importe | J125: =ROUND(F126,2) -> 0
B126: 017 | C126: m3 | D126: Transporte de residuos vegetales a vertedero con camión | G126: 279.53 | H126: =ROUND(J125*G126,2) -> 0 | I126: =IF(ISBLANK('Modelo de oferta económica'!F126),"Es necesario completar el precio de esta partida, introduciendo un valor en la celda en naranja","") -> Es necesario completar el precio de esta partida, introduciendo un valor en la celda en naranja
B127: Transporte con camión de residuos vegetales producidos durante los trabajos de limpieza de solares, poda y tala de árboles, a vertedero específico, situado a 20 km de distancia maxima. El precio incluye el tiempo de espera en obra durante las operaciones de carga, el viaje de ida, la descarga y el viaje de vuelta, pero no incluye la carga en obra
B129: Partida | F129: Precio Unitario | G129: Medición | H129: Importe | J129: =ROUND(F130,2) -> 0
B130: 018 | C130: m3 | D130: Canon de vertido por entrega de residuos vegetales a gestor autorizado | G130: 279.53 | H130: =ROUND(J129*G130,2) -> 0 | I130: =IF(ISBLANK('Modelo de oferta económica'!F130),"Es necesario completar el precio de esta partida, introduciendo un valor en la celda en naranja","") -> Es necesario completar el precio de esta partida, introduciendo un valor en la celda en naranja
B131: Canon de vertido por entrega de residuos vegetales producidos durante los trabajos de limpieza de solares, poda y tala de árboles, en vertedero específico. El precio no incluye el transporte
B133: Partida | F133: Precio Unitario | G133: Medición | H133: Importe | J133: =ROUND(F134,2) -> 0
B134: 019 | C134: m3 | D134: Transporte de hormigones y morteros a vertedero con camión | G134: 719.22 | H134: =ROUND(J133*G134,2) -> 0 | I134: =IF(ISBLANK('Modelo de oferta económica'!F134),"Es necesario completar el precio de esta partida, introduciendo un valor en la celda en naranja","") -> Es necesario completar el precio de esta partida, introduciendo un valor en la celda en naranja
B135: Transporte con camión de residuos inertes de hormigones, morteros y prefabricados producidos en obras de construcción y/o demolición, a vertedero específico, instalación de tratamiento de residuos de construcción y demolición externa a la obra o centro de valorización o eliminación de residuos, situado a 30 km de distancia. El precio incluye el tiempo de espera en obra durante las operaciones de carga, el viaje de ida, la descarga y el viaje de vuelta, pero no incluye la carga en obra.
B137: Partida | F137: Precio Unitario | G137: Medición | H137: Importe | J137: =ROUND(F138,2) -> 0
B138: 020 | C138: m3 | D138: Canon de vertido por entrega de hormigones y morteros a gestor autorizado | G138: 719.22 | H138: =ROUND(J137*G138,2) -> 0 | I138: =IF(ISBLANK('Modelo de oferta económica'!F138),"Es necesario completar el precio de esta partida, introduciendo un valor en la celda en naranja","") -> Es necesario completar el precio de esta partida, introduciendo un valor en la celda en naranja
B139: Canon de vertido por entrega de residuos inertes de hormigones, morteros y prefabricados producidos en obras de construcción y/o demolición, en vertedero específico, instalación de tratamiento de residuos de construcción y demolición externa a la obra o centro de valorización o eliminación de residuos. El precio no incluye el transporte
B141: Partida | F141: Precio Unitario | G141: Medición | H141: Importe | J141: =ROUND(F142,2) -> 0
B142: 021 | C142: m3 | D142: Transporte de hierro y acero a vertedero con camión | G142: 18.77 | H142: =ROUND(J141*G142,2) -> 0 | I142: =IF(ISBLANK('Modelo de oferta económica'!F142),"Es necesario completar el precio de esta partida, introduciendo un valor en la celda en naranja","") -> Es necesario completar el precio de esta partida, introduciendo un valor en la celda en naranja
B143: Transporte con camión de residuos inertes metálicos producidos en obras de construcción y/o demolición, a vertedero específico, instalación de tratamiento de residuos de construcción y demolición externa a la obra o centro de valorización o eliminación de residuos, situado a 30 km de distancia. El precio incluye el tiempo de espera en obra durante las operaciones de carga, el viaje de ida, la descarga y el viaje de vuelta, pero no incluye la carga en obra.
B145: Partida | F145: Precio Unitario | G145: Medición | H145: Importe | J145: =ROUND(F146,2) -> 0
B146: 022 | C146: m3 | D146: Canon de vertido por entrega de hierro y acero a gestor autorizado | G146: 18.77 | H146: =ROUND(J145*G146,2) -> 0 | I146: =IF(ISBLANK('Modelo de oferta económica'!F146),"Es necesario completar el precio de esta partida, introduciendo un valor en la celda en naranja","") -> Es necesario completar el precio de esta partida, introduciendo un valor en la celda en naranja
B147: Canon de vertido por entrega de residuos inertes metálicos producidos en obras de construcción y/o demolición, en vertedero específico, instalación de tratamiento de residuos de construcción y demolición externa a la obra o centro de valorización o eliminación de residuos. El precio no incluye el transporte
B149: Partida | F149: Precio Unitario | G149: Medición | H149: Importe | J149: =ROUND(F150,2) -> 0
B150: 023 | C150: m3 | D150: Transporte de plasticos a vertedero con camión | G150: 3.76 | H150: =ROUND(J149*G150,2) -> 0 | I150: =IF(ISBLANK('Modelo de oferta económica'!F150),"Es necesario completar el precio de esta partida, introduciendo un valor en la celda en naranja","") -> Es necesario completar el precio de esta partida, introduciendo un valor en la celda en naranja
B151: Transporte con camión de residuos inertes plásticos producidos en obras de construcción y/o demolición, a vertedero específico, instalación de tratamiento de residuos de construcción y demolición externa a la obra o centro de valorización o eliminación de residuos, situado a 30 km de distancia. El precio incluye el tiempo de espera en obra durante las operaciones de carga, el viaje de ida, la descarga y el viaje de vuelta, pero no incluye la carga en obra
B153: Partida | F153: Precio Unitario | G153: Medición | H153: Importe | J153: =ROUND(F154,2) -> 0
B154: 024 | C154: m3 | D154: Canon de vertido por entrega de plasticos a gestor autorizado | G154: 3.76 | H154: =ROUND(J153*G154,2) -> 0 | I154: =IF(ISBLANK('Modelo de oferta económica'!F154),"Es necesario completar el precio de esta partida, introduciendo un valor en la celda en naranja","") -> Es necesario completar el precio de esta partida, introduciendo un valor en la celda en naranja
B155: Canon de vertido por entrega de residuos inertes plásticos producidos en obras de construcción y/o demolición, en vertedero específico, instalación de tratamiento de residuos de construcción y demolición externa a la obra o centro de valorización o eliminación de residuos. El precio no incluye el transporte
B157: CAPÍTULO 5 | D157: SUMINISTRO DE CONTENEDORES PARA MATERIAL DESCLASIFICABLE | H157: =H160 -> 0 | I157: =COUNTIF(I158:I162,"Es necesario completar el precio de esta partida, introduciendo un valor en la celda en naranja") -> 1
B159: Partida | F159: Precio Unitario | G159: Medición | H159: Importe | J159: =ROUND(F160,2) -> 0
B160: 025 | C160: UD | D160: Contenedor para material desclasificable | G160: 100 | H160: =ROUND(J159*G160,2) -> 0 | I160: =IF(ISBLANK('Modelo de oferta económica'!F160),"Es necesario completar el precio de esta partida, introduciendo un valor en la celda en naranja","") -> Es necesario completar el precio de esta partida, introduciendo un valor en la celda en naranja
B161: Suministro de contenedor metálico del tipo CMD o similar para material desclasificable, de acuerdo a lo indicado en el apartado Anexo A.1.5
B163: CAPÍTULO 6 | D163: SEGURIDAD Y SALUD | H163: =H166 -> 0 | I163: =COUNTIF(I164:I168,"Es necesario completar el precio de esta partida, introduciendo un valor en la celda en naranja") -> 1
B165: Partida | F165: Precio Unitario | G165: Medición | H165: Importe | J165: =ROUND(F166,2) -> 0
B166: 026 | C166: PA | D166: Seguridad y Salud | G166: 1 | H166: =ROUND(J165*G166,2) -> 0 | I166: =IF(ISBLANK('Modelo de oferta económica'!F166),"Es necesario completar el precio de esta partida, introduciendo un valor en la celda en naranja","") -> Es necesario completar el precio de esta partida, introduciendo un valor en la celda en naranja
B167: Partida alzada de abono íntegro. Incluye todas las medidas e instalaciones necesarias de seguridad y salud, tales como casetas y su mobiliario, protecciones colectivas (barandillas, , cuadros de obra, tomas de tierra, pci, protección huecos, plataformas, pasarelas, protecciones espera de armaduras, etc), E.P.I.s (cabeza, cuerpo, manos, pies, piernas, anticaidas, etc), mano de obra (comité de SyS, reconocimientos medicos, formación, mantenimiento de casetas e instalaciones. etc) y señalización (balizas, señalización vertical, etc)
